AoeStats
← Kim Yung Lam Ber M'un

Arabia

510310694Analyzed
1v1 RM · 2d ago on Sep 30, 2026· 20m 0s· 2 players
Game mode
Random Map
Map size
Tiny (2 player)
Population
200
Speed
Normal
Resources
Standard
Victory
Conquest
Starting age
Dark Age
Ending age
Imperial Age
RankedLock teamsTeams togetherTeam positionsShared explorationLock speedFull tech treeHidden civsTurbo modeCheats
Victory
Defeat
🇫🇷 Maya · France
1536
+17
🇳🇱 Hindustanis · Netherlands
1549
-17
Yannou
0:29 Loom
9:15 Feudal Age
9:33 Man-at-Arms
10:16 Double-Bit Axe
14:30 Fletching
16:49 Padded Archer Armor
Kim Yung Lam Ber M'un
5:14 Loom
8:23 Feudal Age
9:21 Double-Bit Axe
13:04 Horse Collar
16:29 Fletching
17:42 Padded Archer Armor
Connection lost

Rejoining the realm…

Still unreachable

The connection could not be restored.

Session expired

The server has moved on; the page needs a fresh start.